 Dungeon Crawl Stone Soup version 0.29-a0-234-g0dae59b3db (webtiles) character file.

Game seed: 15844119863476763359

1064 drugrobin the Chopper (level 7, -1/61 HPs)
             Began as a Demigod Fighter on Mar 3, 2022.
             Slain by an ogre
             ... wielding a +0 giant spiked club
              (18 damage)
             ... on level 6 of the Dungeon.
             The game lasted 00:11:18 (5789 turns).

drugrobin the Chopper (Demigod Fighter)             Turns: 5789, Time: 00:11:18

Health: -1/61      AC: 10    Str: 25    XL:     7   Next: 78%
Magic:  9/9        EV:  7    Int: 14    God:
Gold:   322        SH:  5    Dex: 17    Spells: 6/6 levels left

rFire   . . .      SeeInvis .   a - +0 war axe
rCold   . . .      Faith    .   c - +0 buckler
rNeg    . . .      Spirit   .   C - +0 chain mail
rPois   .          Reflect  .   (no helmet)
rElec   .          Harm     .   (no cloak)
rCorr   .          Rampage  +   D - +0 pair of gloves
Will    .....                   (no boots)
Stlth   ..........              A - amulet "Sulirog" {Rampage Fly Regen+ Int+4 Dex+4}
HPRegen 1.00/turn               (no ring)
MPRegen 0.11/turn               (no ring)

@: flying
A: high MP 1, forlorn, divine attributes
a: no special abilities


You were on level 6 of the Dungeon.
You visited 1 branch of the dungeon, and saw 6 of its levels.

You collected 430 gold pieces.
You spent 108 gold pieces at shops.

Inventory:

Hand Weapons
 a - a +0 war axe (weapon)
Missiles
 i - a poisoned dart
 j - 5 curare-tipped darts
 l - 4 boomerangs (quivered)
 p - 160 stones
 s - 6 javelins
Armour
 b - a +0 scale mail
 c - a +0 buckler (worn)
 C - a +0 chain mail (worn)
 D - a +0 pair of gloves (worn)
Jewellery
 A - the amulet "Sulirog" (around neck) {Rampage Fly Regen+ Int+4 Dex+4}
   (You found it on level 4 of the Dungeon)

   [amulet of regeneration]

   Int:       It affects your intelligence (+4).
   Dex:       It affects your dexterity (+4).
   Fly:       It grants you flight.
   Regen:     It increases your rate of health regeneration.
   Rampage:   It bestows one free step when moving towards enemies.
Wands
 q - a wand of iceblast (7)
Scrolls
 e - a scroll of noise {unknown}
 h - 2 scrolls of blinking {unknown}
 k - 3 scrolls of teleportation {unknown}
 o - a scroll of fear {unknown}
 r - 2 scrolls of identify {unknown}
 w - 2 scrolls of magic mapping {unknown}
 x - a scroll of enchant weapon {unknown}
 y - a scroll of amnesia {unknown}
 B - a scroll of vulnerability {unknown}
 E - a scroll of enchant armour {unknown}
Potions
 d - 3 potions of might
 f - 3 potions of brilliance {unknown}
 g - 4 potions of curing
 m - 4 potions of attraction
 n - 3 potions of flight
 t - a potion of degeneration {unknown}
 u - 2 potions of mutation {unknown}
 v - a potion of haste {unknown}
 z - a potion of magic {unknown}
 F - a potion of cancellation {unknown}


   Skills:
 + Level 5.6 Fighting
 * Level 7.2 Axes
 - Level 2.6 Armour
 - Level 2.7 Shields


You had 6 spell levels left.
You didn't know any spells.
Your spell library contained the following spells:

 Spells                   Type           Power      Damage    Failure   Level
 Magic Dart               Conj           0%         1d3       95%         1
 Call Imp                 Summ           0%         N/A       99%         2
 Dazzling Flash           Conj/Hex       0%         N/A       100%        3
 Mephitic Cloud           Conj/Pois/Air  0%         N/A       100%        3
 Agony                    Necr           0%         N/A       100%        5
 Silence                  Hex/Air        0%         N/A       100%        5


Dungeon Overview and Level Annotations

Branches:
Dungeon (6/15)
 Temple: D:4-7

Shops:
D:3 !

Annotations:
D:1 Terence


Innate Abilities, Weirdness & Mutations

You have an increased reservoir of magic. (+10% MP)
You shall have no god before yourself.
Your divine heritage dramatically boosts your attributes as you level up.


Message History

You hit the necrophage but do no damage.
The necrophage is almost destroyed.
The necrophage closely misses you.
You slash the necrophage!
You destroy the necrophage!
Your Axes skill increases to level 7!
You see here a necrophage corpse.
An ice beast comes into view.
Found a stone staircase leading up.
Unknown command.
You rampage towards the ice beast!
An ogre comes into view. It is wielding a +0 giant spiked club.
You closely miss the ice beast.
The ogre shouts!
The ice beast hits you. The ice beast freezes you!
You hit the ice beast.
The ice beast is lightly wounded.
A necrophage comes into view.
The ice beast hits you but does no damage.
You slash the ice beast!
The ice beast is moderately wounded.
The ice beast hits you but does no damage.
A centaur comes into view.
The centaur shouts!
You slash the ice beast!
The ice beast is heavily wounded.
The ice beast hits you. The ice beast freezes you! The ice beast hits you.
The ice beast freezes you!
Unknown command.
You hit the ice beast.
The ice beast is severely wounded.
The ice beast hits you. The ice beast freezes you!
* * * LOW HITPOINT WARNING * * *
Unknown command.
You slash the ice beast!
You kill the ice beast!
Unknown command.
Unknown command.
The ogre hits you with a +0 giant spiked club!!
You die...

#......<# ### .
#.......# ...
#.#####.#...†####.#
#....##.####......###
...................
<..######..###### ##
#..###....#
#...###.#...##.#
#.O@...####.#
#c.####..# #.# #.
##.# #.# #. .# #^# ..
.. #.. #. #.###. . ..
. #..


You could see an ogre and a centaur.

Vanquished Creatures
  A water moccasin (D:5)
  An ice beast (D:6)
  A centaur (D:5)
  A phantom (D:5)
  Blork the orc (D:5)
  A gnoll sergeant (D:4)
  2 scorpions (D:5)
  A necrophage (D:6)
  A howler monkey (D:4)
  A hound (D:4)
  2 jellies (D:5)
  3 iguanas
  7 gnolls
  3 adders
  2 worms
  4 dart slugs
  3 orcs (D:5)
  6 endoplasms
  7 giant cockroaches
  10 goblins
  6 hobgoblins
  7 jackals
  3 kobolds
  7 quokkas
  11 ball pythons
  6 bats
  8 frilled lizards
  7 rats
113 creatures vanquished.

Vanquished Creatures (others)
  A fungus (D:1)
  40 plants
41 creatures vanquished.

Grand Total: 154 creatures vanquished

Notes
Turn   | Place    | Note
-------+----------+-------------------------------------------
     0 | D:1      | drugrobin the Demigod Fighter began the quest for the Orb.
     0 | D:1      | Reached XP level 1. HP: 18/18 MP: 3/3
   107 | D:1      | Reached skill level 2 in Axes
   202 | D:1      | Reached XP level 2. HP: 21/25 MP: 4/4
   689 | D:1      | Reached XP level 3. HP: 20/31 MP: 5/5
  1397 | D:2      | Reached skill level 3 in Axes
  1465 | D:2      | Noticed Terence
  2818 | D:3      | Found Zedua's Distillery.
  2824 | D:3      | Bought a potion of flight for 36 gold pieces
  2824 | D:3      | Bought a potion of attraction for 36 gold pieces
  2824 | D:3      | Bought a potion of curing for 36 gold pieces
  2856 | D:3      | Reached XP level 4. HP: 29/38 MP: 6/6
  3908 | D:4      | Identified the amulet "Sulirog" {Rampage Fly Regen+ Int+4
                  | Dex+4}
  3919 | D:4      | Reached skill level 4 in Axes
  3920 | D:4      | Reached XP level 5. HP: 21/46 MP: 7/7
  4615 | D:5      | Entered Level 5 of the Dungeon
  4629 | D:4      | Reached skill level 5 in Axes
  4629 | D:4      | Reached XP level 6. HP: 31/52 MP: 8/8
  5015 | D:5      | Reached skill level 6 in Axes
  5025 | D:5      | Noticed a water moccasin
  5034 | D:5      | Killed a water moccasin
  5035 | D:5      | Reached skill level 5 in Fighting
  5035 | D:5      | Reached XP level 7. HP: 41/61 MP: 9/9
  5352 | D:5      | Noticed Blork the orc
  5361 | D:5      | Killed Blork the orc
  5769 | D:6      | Reached skill level 7 in Axes
  5789 | D:6      | Slain by an ogre

Illustrated notes

Levels and vault maps discovered:
D:1:      minmay_arrival_loop, layout_rooms, shapermc_ecumenical_altar_petra,
          minmay_pentomino_t2
D:2:      layout_loops_ring, serial_bayou, serial_bayou_lagoon_a,
          serial_bayou_crossing, serial_bayou_ford_a, serial_bayou_shore_a,
          dk_noncrumbling_4, chequers_serial_rivers_marsh, uniq_terence
D:3:      layout_basic, mainiacjoe_overflow_alcove_1,
          nicolae_overflow_crystal_walls, serial_shops, shop
D:4:      layout_cave_pools, lemuel_crystal_altar, nicolae_grassy_gnolls
D:5:      layout_cave_pods, mainiacjoe_overflow_tiny_flanked, st_stairs_7,
          uniq_blork_the_orc
D:6:      layout_rooms, tso_metal_star

Skill      XL: |  1  2  3  4  5  6  7 |
---------------+----------------------+-----
Axes           | 2 3 4 5 6 7 |  7.2
Fighting       | 3 4 5 |  5.6
Armour         | |  2.6
Shields        | |  2.7

Action                   |  1- 3 |  4- 6 |  7- 9 || total
-------------------------+-------+-------+-------++-------
Melee: War axe           |   176 |   131 |    34 ||   341
Throw: Stone             |     4 |       |       ||     4
       Dart              |       |     3 |     2 ||     5
       Boomerang         |       |    26 |     9 ||    35
Armor: Scale mail        |    83 |    24 |       ||   107
       Chain mail        |       |    35 |    12 ||    47
Dodge: Dodged            |    81 |    48 |    11 ||   140
Block: Buckler           |    41 |    45 |     6 ||    92

Table legend: (Time is in decaauts)
 A = Elapsed time spent in this place.
 B = Non-inter-level travel time spent in this place.
 C = Inter-level travel time spent in this place.
 D = Time resting spent in this place.
 E = Time spent auto-exploring this place.
 F = Levels seen in this place.
 G = Mean time per level.
                   A        B        C        D        E       F      G
               +--------+--------+--------+--------+--------+-----+--------+
         Total |   6001 |   5742 |    259 |   1091 |   3467 |   6 | 1000.2 |
       Dungeon |   6001 |   5742 |    259 |   1091 |   3467 |   6 | 1000.2 |
               +--------+--------+--------+--------+--------+-----+--------+

Top non-repeatable levels by time:
     D:1: 1642 daAuts
     D:2: 1323 daAuts
     D:3: 1240 daAuts
     D:5: 1020 daAuts
     D:4: 741 daAuts
     D:6: 34 daAuts
